 Dungeon Crawl Stone Soup version 0.27.1-1-g398f81649c (webtiles) character file.

Game seed: 3311566411886202302

11 hawla the Sneak (level 2, -1/18 HPs)
             Began as a Deep Elf Delver on Sept 5, 2021.
             Killed from afar by an orc wizard (8 damage)
             ... with a magic dart
             ... on level 3 of the Dungeon.
             The game lasted 00:01:45 (253 turns).

hawla the Sneak (Deep Elf Delver)                    Turns: 253, Time: 00:01:46

Health: -1/18      AC:  3    Str:  9    XL:     2   Next: 13%
Magic:  4/4        EV: 12    Int: 14    God:
Gold:   19         SH:  0    Dex: 16    Spells: 1/1 levels left

rFire    . . .     SeeInvis .   a - +0 short sword
rCold    . . .     Faith    .   (no shield)
rNeg     . . .     Spirit   .   b - +0 leather armour
rPois    .         Reflect  .   (no helmet)
rElec    .         Harm     .   (no cloak)
rCorr    .         Rampage  .   (no gloves)
Will     .....                  (no boots)
Stlth    +++.......             (no amulet)
HPRegen  0.06/turn              (no ring)
MPRegen  0.09/turn              (no ring)

@: hasted, very quick
A: no striking features
a: no special abilities


You were on level 3 of the Dungeon.
You visited 1 branch of the dungeon, and saw 3 of its levels.

You collected 19 gold pieces.

Inventory:

Hand Weapons
 a - a +0 short sword (weapon)
Missiles
 h - 8 poisoned darts (quivered)
 i - 3 silver javelins
Armour
 b - a +0 leather armour (worn)
Wands
 g - a wand of digging (3)
Scrolls
 c - a scroll of fog


   Skills:
 + Level 2.5 Fighting
 + Level 2.0 Short Blades
 + Level 0.3 Throwing
 + Level 2.4 Dodging
 + Level 6.4 Stealth


You had one spell level left.
You didn't know any spells.
Your spell library was empty.

Dungeon Overview and Level Annotations

Branches:
Dungeon (5/15)
 Temple: D:4-7

Altars:


Message History

The orc wizard moves out of view.
You see here a poisoned dart.
h - 10 poisoned darts (gained 1)
The orc priest shouts!
An orc comes into view. It is wielding a +0 dagger.
Throw: 10 darts (poison)
Press: ? - help, Q - select action, (/) - cycle Shift-Dir - straight line, f - orc priest
Aim: an orc priest, wielding a +0 hand axe (60% to hit)
You throw a poisoned dart. The poisoned dart hits the orc priest.
The orc priest is poisoned.
The orc shouts!
You hear a shout!
The orc priest looks braver for a moment.
Throw: 9 darts (poison)
Press: ? - help, Q - select action, (/) - cycle Shift-Dir - straight line, f/p - orc priest
Aim: an orc priest, wielding a +0 hand axe (poisoned, 60% to hit)
You throw a poisoned dart.
The poisoned dart barely misses the orc priest.
The orc wizard gestures at you while chanting.
The puff of flame hits you!
Ouch! That really hurt!
You feel yourself speed up.
The orc priest miscasts a cantrip.
The orc priest looks more healthy.
A kobold comes into view. It is wielding a +0 whip.
Found a flail.
The kobold moves out of view.
As you read the scroll labelled HEIFUM KIUTOKK, it crumbles to dust.
It is a scroll of identify.
You don't have any unidentified items.
As you read the scroll of fear, it crumbles to dust.
You assume a fearsome visage.
The orc looks frightened!
The orc priest looks frightened!
A goblin comes into view. It is wielding a +0 club.
A hobgoblin comes into view.
Found a stone staircase leading down.
A frilled lizard comes into view.
The jackal barks!
The orc wizard casts a spell at you. The magic dart hits you!
You die...

.# #.#######.. ...
....(...... .#.#
#..........
...........(...#
#.#.#..o.o....#
............(######
.#.#.#.#######......#
....)........o.o....#
>#.#.#.@..(..>......#
........######.######
.#.#.#..##......#
......##......##
#.......##.......#
#.......##.......##
#.......#######...#
..l.h..# #.[.# ##..##


You could see an orc wizard, a jackal and a frilled lizard (wandering).

Vanquished Creatures
  A ball python (D:4)
  2 endoplasms
  A giant cockroach (D:4)
  A goblin (D:3)
  3 jackals (D:3)
8 creatures vanquished.

Notes
Turn   | Place    | Note
-------+----------+-------------------------------------------
     0 | D:5      | hawla the Deep Elf Delver began the quest for the Orb.
     0 | D:5      | Reached XP level 1. HP: 13/13 MP: 3/3
   156 | D:3      | Reached XP level 2. HP: 18/18 MP: 4/4
   253 | D:3      | Killed from afar by an orc wizard

Illustrated notes

Levels and vault maps discovered:
D:3:      minmay_inner_zag, layout_basic, cheibriados_altar_1,
          dk_yredelemnul_ordeal, serial_shops, shop_fountains, st_stairs_11
D:4:      minmay_chambers_of_threes, layout_rooms
D:5:      layout_basic, minivault_11, uniq_grinder, uniq_ijyb

Action                   || total
-------------------------++-------
Melee: Short sword       ||    21
Throw: Dart              ||     7
  Use: Scroll            ||     3
       Potion            ||     1
 Stab: Sleeping          ||     3
Armor: Leather armour    ||     6
Dodge: Dodged            ||    16
